NCAA
MICHIGAN WOLVERINES @ DUKE BLUE DEVILS
05/06/2027
 
TOP OF THE 1ST
Michigan Wolverines batting - Pitching for Duke Blue Devils : LHP Paul Carson
Pitching: LHP Paul Carson
Batting: RHB Mark Brewer 0-0: Ball
1-0: Called Strike
1-1: SINGLE (Groundball, 56S) (infield hit)
Batting: RHB Bryan Koonts 0-0: Ball
Pickoff Throw to First - Error! E1
Mark Brewer to second
1-0: Fly out, F9 (Flyball, 9LMF)
Batting: RHB Bill Davis 0-0: Ball
Mark Brewer steals 3rd base
1-0: Ground out 5-3 (Groundball, 56)
Mark Brewer scores
Batting: RHB Jake Brown 0-0: Called Strike
0-1: Ball
1-1: Ball
2-1: Ball
Error on foul ball, E3
3-2: SINGLE (Groundball, 6D)
Batting: RHB Bill Andrews 0-0: Ball
1-0: Ball
2-0: Called Strike
2-1: Ball
3-1: DOUBLE (Line Drive, 9LM)
Jake Brown to third
Batting: RHB Walt Green 0-0: Called Strike
0-1: Ball
1-1: Fly out, F7 (Flyball, 7S)
Top of the 1st over - 1 run(s), 3 hit(s), 2 error(s), 2 left on base; Michigan 1 - Duke 0
BOTTOM OF THE 1ST
Duke Blue Devils batting - Pitching for Michigan Wolverines : RHP Jean-François Wong
Pitching: RHP Jean-François Wong
Batting: SHB Tomás Sánchez 0-0: Called Strike
0-1: Ball
1-1: Swinging Strike
1-2: Strikes out swinging
Batting: RHB Matt Osborne 0-0: Called Strike
0-1: Ball
1-1: Ball
2-1: Fly out, F7 (Flyball, 78M)
Batting: LHB Francisco Ríos 0-0: Foul Ball, location: 2F
0-1: Foul Ball, location: 2F
0-2: Strikes out swinging
Bottom of the 1st over - 0 run(s), 0 hit(s), 0 error(s), 0 left on base; Michigan 1 - Duke 0
TOP OF THE 2ND
Michigan Wolverines batting - Pitching for Duke Blue Devils : LHP Paul Carson
Batting: SHB Bill Smith 0-0: Foul Ball, location: 2F
0-1: Ball
1-1: Bunted foul
1-2: Ground out 6-3 (Groundball, 6)
Batting: RHB Andrew Lewis 0-0: Ball
1-0: Ball
2-0: SOLO HOME RUN (Flyball, 7D), Distance : 355 ft
Batting: RHB Rob Burkholder 0-0: Swinging Strike
0-1: Foul Ball, location: 2F
0-2: Foul Ball, location: 2F
0-2: Ball
1-2: Strikes out swinging
Batting: RHB Mark Brewer 0-0: Called Strike
0-1: Ground out 5-3 (Groundball, 56)
Top of the 2nd over - 1 run(s), 1 hit(s), 0 error(s), 0 left on base; Michigan 2 - Duke 0
BOTTOM OF THE 2ND
Duke Blue Devils batting - Pitching for Michigan Wolverines : RHP Jean-François Wong
Batting: LHB Dennis King 0-0: Called Strike
0-1: Ground out 3-1 (Groundball, 34)
Batting: RHB Peter Hernández 0-0: SINGLE (Groundball, 56D)
Batting: RHB Randall Walker 0-0: Called Strike
0-1: Swinging Strike
0-2: Ball
1-2: Strikes out swinging
Batting: LHB Cade Brown 0-0: Called Strike
0-1: Ball
1-1: Ball
2-1: Swinging Strike
2-2: Foul Ball, location: 2F
2-2: Ball
3-2: Base on Balls
Peter Hernández to second
Batting: RHB Bob Ferguson 0-0: Foul Ball, location: 2F
0-1: Foul Ball, location: 2F
0-2: Ball
1-2: Fly out, F9 (Flyball, 9LMF)
Bottom of the 2nd over - 0 run(s), 1 hit(s), 0 error(s), 2 left on base; Michigan 2 - Duke 0
TOP OF THE 3RD
Michigan Wolverines batting - Pitching for Duke Blue Devils : LHP Paul Carson
Batting: RHB Bryan Koonts 0-0: Called Strike
0-1: Fly out, F9 (Flyball, 9S)
Batting: RHB Bill Davis 0-0: Ball
1-0: Ball
2-0: Ball
3-0: Base on Balls
Batting: RHB Jake Brown 0-0: Called Strike
0-1: Foul Ball, location: 2F
0-2: Foul Ball, location: 2F
0-2: Ball
1-2: Ball
2-2: Foul Ball, location: 2F
2-2: Foul Ball, location: 2F
2-2: Foul Ball, location: 2F
2-2: Foul Ball, location: 2F
2-2: Foul Ball, location: 2F
2-2: Fly out, F9 (Flyball, 9LM)
Batting: RHB Bill Andrews 0-0: Ball
1-0: Called Strike
1-1: Ball
Wild Pitch!
Bill Davis to second
2-1: Foul Ball, location: 2F
2-2: Strikes out swinging
Top of the 3rd over - 0 run(s), 0 hit(s), 0 error(s), 1 left on base; Michigan 2 - Duke 0
BOTTOM OF THE 3RD
Duke Blue Devils batting - Pitching for Michigan Wolverines : RHP Jean-François Wong
Batting: RHB Danny Morrison 0-0: Ball
1-0: Foul Ball, location: 2F
1-1: Ball
2-1: Ball
3-1: Base on Balls
Batting: SHB Tomás Sánchez 0-0: Ball
1-0: Ball
2-0: Fly out, F6 (Line Drive, 6)
Batting: RHB Matt Osborne 0-0: Called Strike
0-1: Ball
1-1: Fly out, F9 (Flyball, 9S)
Batting: LHB Francisco Ríos 0-0: Called Strike
0-1: Ball
1-1: Called Strike
1-2: Foul Ball, location: 2F
1-2: Foul Ball, location: 2F
1-2: Strikes out swinging
Bottom of the 3rd over - 0 run(s), 0 hit(s), 0 error(s), 1 left on base; Michigan 2 - Duke 0
TOP OF THE 4TH
Michigan Wolverines batting - Pitching for Duke Blue Devils : LHP Paul Carson
Batting: RHB Walt Green 0-0: Called Strike
0-1: Foul Ball, location: 2F
0-2: Strikes out looking
Batting: SHB Bill Smith 0-0: Ball
1-0: Swinging Strike
1-1: Ball
2-1: Ball
3-1: Called Strike
3-2: Ground out 5-3 (Groundball, 5S)
Batting: RHB Andrew Lewis 0-0: Ball
1-0: Ball
2-0: Ball
3-0: Base on Balls
Batting: RHB Rob Burkholder 0-0: Ball
1-0: Swinging Strike
1-1: SINGLE (Line Drive, 89S)
Andrew Lewis to second
Batting: RHB Mark Brewer 0-0: Fielders Choice at 2nd, 6-4 (Groundball, 6)
Top of the 4th over - 0 run(s), 1 hit(s), 0 error(s), 1 left on base; Michigan 2 - Duke 0
BOTTOM OF THE 4TH
Duke Blue Devils batting - Pitching for Michigan Wolverines : RHP Jean-François Wong
Batting: LHB Dennis King 0-0: Ball
1-0: Ball
2-0: Fly out, F8 (Flyball, 8RD)
Batting: RHB Peter Hernández 0-0: Called Strike
0-1: Fly out, F7 (Flyball, 7LSF)
Batting: RHB Randall Walker 0-0: Called Strike
0-1: Called Strike
0-2: Strikes out looking
Bottom of the 4th over - 0 run(s), 0 hit(s), 0 error(s), 0 left on base; Michigan 2 - Duke 0
TOP OF THE 5TH
Michigan Wolverines batting - Pitching for Duke Blue Devils : LHP Paul Carson
Batting: RHB Bryan Koonts 0-0: Reached on error, E6 (Popup, 56D)
Batting: RHB Bill Davis 0-0: Ball
1-0: Called Strike
1-1: Ball
2-1: Foul Ball, location: 2F
2-2: Strikes out swinging
Pitching: RHP Richard Price
Batting: RHB Jake Brown 0-0: Foul Ball, location: 2F
0-1: Called Strike
Bryan Koonts steals 2nd base
0-2: Ball
1-2: Ball
2-2: Ball
3-2: Base on Balls
Batting: RHB Bill Andrews 0-0: Ball
1-0: Ball
2-0: Called Strike
2-1: Swinging Strike
2-2: Strikes out swinging
Batting: RHB Walt Green 0-0: Fly out, F8 (Line Drive, 8RM)
Top of the 5th over - 0 run(s), 0 hit(s), 1 error(s), 2 left on base; Michigan 2 - Duke 0
BOTTOM OF THE 5TH
Duke Blue Devils batting - Pitching for Michigan Wolverines : RHP Jean-François Wong
Batting: LHB Cade Brown 0-0: Called Strike
0-1: Ball
1-1: Ball
2-1: DOUBLE (Line Drive, 9LM)
Batting: RHB Bob Ferguson 0-0: Ball
Wild Pitch!
Cade Brown to third
1-0: Fly out, F6 (Line Drive, 6)
Batting: RHB Danny Morrison 0-0: Ball
1-0: Ball
2-0: Ground out 5-3 (Groundball, 5)
Batting: SHB Tomás Sánchez 0-0: Called Strike
0-1: Ball
1-1: Called Strike
1-2: Foul Ball, location: 2F
1-2: Fly out, F8 (Flyball, 78S)
Bottom of the 5th over - 0 run(s), 1 hit(s), 0 error(s), 1 left on base; Michigan 2 - Duke 0
TOP OF THE 6TH
Michigan Wolverines batting - Pitching for Duke Blue Devils : RHP Richard Price
Batting: SHB Bill Smith 0-0: Swinging Strike
0-1: Foul Ball, location: 2F
0-2: Strikes out looking
Batting: RHB Andrew Lewis 0-0: Ball
1-0: Ball
2-0: Called Strike
2-1: Called Strike
2-2: Foul Ball, location: 2F
2-2: Strikes out swinging
Batting: RHB Rob Burkholder 0-0: SOLO HOME RUN (Line Drive, 78XD), Distance : 369 ft
Batting: RHB Mark Brewer 0-0: Called Strike
0-1: Swinging Strike
0-2: Ball
1-2: Ball
2-2: Ball
3-2: Base on Balls
Batting: RHB Bryan Koonts 0-0: Ball
1-0: Ball
Mark Brewer steals 2nd base
2-0: Called Strike
2-1: Ball
3-1: Ground out 5-3 (Groundball, 56S)
Top of the 6th over - 1 run(s), 1 hit(s), 0 error(s), 1 left on base; Michigan 3 - Duke 0
BOTTOM OF THE 6TH
Duke Blue Devils batting - Pitching for Michigan Wolverines : RHP Jean-François Wong
Batting: RHB Matt Osborne 0-0: Ball
1-0: Ball
2-0: Ball
3-0: Called Strike
3-1: Base on Balls
Batting: LHB Francisco Ríos 0-0: Called Strike
0-1: Ball
1-1: Ball
2-1: SINGLE (Line Drive, 89S)
Matt Osborne to second
Batting: LHB Dennis King 0-0: Foul Ball, location: 2F
0-1: Fly out, F8 (Flyball, 8LD)
Runner from 2nd tags up, SAFE at 3rd, no throw
Pitching: RHP John Reyes
Batting: RHB Peter Hernández Pickoff Throw to First - Error! E1
Matt Osborne scores
Francisco Ríos to second
0-0: Ball
1-0: Ball
2-0: Ground out 4-3 (Groundball, 4)
Francisco Ríos to third
Batting: RHB Randall Walker 0-0: Ball
1-0: Ball
2-0: Ball
3-0: Base on Balls
Batting: LHB Cade Brown 0-0: Ball
1-0: Foul Ball, location: 2F
1-1: Called Strike
1-2: Foul Ball, location: 2F
1-2: Ball
2-2: 3-RUN HOME RUN (Flyball, 9D), Distance : 361 ft
Batting: RHB Bob Ferguson 0-0: Ball
1-0: Ball
2-0: Foul Ball, location: 2F
2-1: Swinging Strike
2-2: Foul Ball, location: 2F
2-2: Fly out, F7 (Line Drive, 7)
Bottom of the 6th over - 4 run(s), 2 hit(s), 1 error(s), 0 left on base; Michigan 3 - Duke 4
TOP OF THE 7TH
Michigan Wolverines batting - Pitching for Duke Blue Devils : RHP Richard Price
Batting: RHB Bill Davis 0-0: Ball
1-0: Ball
2-0: Called Strike
2-1: Ground out U3 (Groundball, 3)
Batting: RHB Jake Brown 0-0: Ball
1-0: Ball
2-0: Ball
3-0: Base on Balls
Batting: RHB Bill Andrews 0-0: Ball
1-0: Ball
2-0: Foul Ball, location: 2F
2-1: Ball
3-1: Base on Balls
Jake Brown to second
Pinch Hitting: LHB David Sénéchal 0-0: Called Strike
0-1: Foul Ball, location: 2F
0-2: Foul Ball, location: 2F
0-2: Ball
1-2: Ball
2-2: Ball
3-2: Foul Ball, location: 2F
3-2: Strikes out looking
Batting: SHB Bill Smith 0-0: Foul Ball, location: 2F
0-1: Foul Ball, location: 2F
0-2: Fly out, F8 (Flyball, 8LM)
Top of the 7th over - 0 run(s), 0 hit(s), 0 error(s), 2 left on base; Michigan 3 - Duke 4
BOTTOM OF THE 7TH
Duke Blue Devils batting - Pitching for Michigan Wolverines : RHP John Reyes
Now at SS: Mel Wells
Batting: RHB Danny Morrison 0-0: Called Strike
0-1: Swinging Strike
0-2: Ground out 6-3 (Groundball, 6MD)
Batting: SHB Tomás Sánchez 0-0: SINGLE (Groundball, 6S) (infield hit)
Batting: RHB Matt Osborne 0-0: Called Strike
0-1: Ball
1-1: Swinging Strike
1-2: Foul Ball, location: 2F
1-2: Foul Ball, location: 2F
1-2: Strikes out swinging
Batting: LHB Francisco Ríos 0-0: Ball
1-0: Called Strike
Tomás Sánchez steals 2nd base
1-1: SINGLE (Flyball, 7S)
Tomás Sánchez to third
Runner from 3rd tries for Home, SAFE, no throw
Pitching: LHP Bill Bernard
Batting: LHB Dennis King 0-0: Called Strike
0-1: Ball
1-1: Foul Ball, location: 2F
1-2: Strikes out swinging
Bottom of the 7th over - 1 run(s), 2 hit(s), 0 error(s), 1 left on base; Michigan 3 - Duke 5
TOP OF THE 8TH
Michigan Wolverines batting - Pitching for Duke Blue Devils : RHP Richard Price
Pitching: RHP Adrian Walker
Batting: RHB Andrew Lewis 0-0: Called Strike
0-1: Ball
1-1: Foul Ball, location: 2F
1-2: Ball
2-2: SINGLE (Groundball, 3D)
Batting: RHB Rob Burkholder 0-0: Called Strike
0-1: Ball
1-1: Foul Ball, location: 2F
1-2: Fly out, F8 (Flyball, 8LS)
Batting: RHB Mark Brewer 0-0: Ball
1-0: Called Strike
1-1: Called Strike
1-2: Strikes out swinging
Batting: RHB Bryan Koonts 0-0: Ball
1-0: Ball
2-0: Ball
3-0: Base on Balls
Andrew Lewis to second
Batting: RHB Bill Davis 0-0: Foul Ball, location: 2F
0-1: Ball
1-1: Fly out, F9 (Line Drive, 9)
Top of the 8th over - 0 run(s), 1 hit(s), 0 error(s), 2 left on base; Michigan 3 - Duke 5
BOTTOM OF THE 8TH
Duke Blue Devils batting - Pitching for Michigan Wolverines : LHP Bill Bernard
Batting: RHB Peter Hernández 0-0: SINGLE (Groundball, 34D)
Batting: RHB Randall Walker 0-0: Ball
1-0: Foul Ball, location: 2F
1-1: Foul Ball, location: 2F
1-2: Strikes out looking
Batting: LHB Cade Brown 0-0: Ball
1-0: Foul Ball, location: 2F
1-1: Called Strike
1-2: Foul Ball, location: 2F
1-2: Ball
2-2: Ball
3-2: Ground out 4-3 (Groundball, 4D)
Peter Hernández to second
Batting: RHB Bob Ferguson 0-0: Ball
1-0: Ball
2-0: Called Strike
2-1: Ball
3-1: Foul Ball, location: 2F
3-2: Fly out, F9 (Flyball, 9)
Bottom of the 8th over - 0 run(s), 1 hit(s), 0 error(s), 1 left on base; Michigan 3 - Duke 5
TOP OF THE 9TH
Michigan Wolverines batting - Pitching for Duke Blue Devils : RHP Adrian Walker
Pitching: RHP Calvin Bickly
Batting: RHB Jake Brown 0-0: Ball
1-0: Reached on error, E6 (Groundball, 6)
Batting: RHB Bill Andrews 0-0: Ball
1-0: Foul Ball, location: 2F
1-1: Ball
2-1: Called Strike
2-2: Strikes out swinging
Pinch Hitting: RHB Salvador Castro 0-0: Ball
1-0: Called Strike
1-1: SINGLE (Groundball, 25) (infield hit)
Jake Brown to second
Batting: SHB Bill Smith 0-0: Ball
1-0: SINGLE (Line Drive, 6MD)
Jake Brown to third
Salvador Castro to second
Batting: RHB Andrew Lewis 0-0: Ball
1-0: Ball
2-0: Ball
3-0: Called Strike
3-1: Base on Balls
Jake Brown scores
Salvador Castro to third
Bill Smith to second
Batting: RHB Rob Burkholder 0-0: Called Strike
0-1: Ball
1-1: Foul Ball, location: 2F
1-2: Strikes out swinging
Batting: RHB Mark Brewer 0-0: Ball
1-0: Foul Ball, location: 2F
1-1: Swinging Strike
1-2: Strikes out looking
Top of the 9th over - 1 run(s), 2 hit(s), 1 error(s), 3 left on base; Michigan 4 - Duke 5
Thursday, March 30th, 2017 - OOTP Baseball 17.12 Build 75